Map: Snowy Mesa

Players

Psshhhiiiitt - Winner!

  • Race: Zerg Zerg
  • Spawn Location: 12:00

Amix - Winner!

  • Race: Zerg Zerg
  • League: Platinum
  • Spawn Location: 12:00

A.I. 2 (Elite)

  • Race: Zerg Zerg
  • Spawn Location: 6:00

A.I. 3 (Elite)

  • Race: Terran Terran
  • Spawn Location: 6:00

VOD

Have the link to the VOD?

Description

Time

  • Played on: Nov. 29, 2016, 10:32 a.m.
  • Length: 9:17
Show
View Real Time Build Order
Export as new Build Order

Psshhhiiiitt Zerg - Winner!

Build Orders: Pool First 

Get SALT Encoding   

  12  0:02  Drone  
  13  0:13  Overlord  
  13  0:20  Drone  
  14  0:35  Drone x3  
  17  0:42  Extractor  
  17  0:45  Extractor  
  17  0:48  Drone  
  16  1:00  Spawning Pool  
  15  1:05  Drone  
  16  1:14  Drone  
  17  1:18  Drone  
  18  1:29  Drone  
  19  1:44  Drone  
  20  1:48  Hatchery  
  20  1:51  Drone  
  20  1:56  Metabolic Boost  
  20  2:02  Zergling x2  
  21  2:19  Drone  
  22  2:25  Overlord  
  22  2:40  Overlord  
  22  2:43  Queen  
  24  2:52  Zergling x2  
  24  2:57  Overlord  
  25  3:02  Drone  
  26  3:06  Queen  
  26  3:10  Drone  
  29  3:21  Zergling x4  
  31  3:28  Zergling x4  
  34  3:34  Zergling x2  
  34  3:38  Queen  
  36  3:41  Zergling x2  
  36  3:42  Queen  
  36  3:44  Drone  
  40  3:53  Evolution Chamber  
  39  3:56  Zergling x4  
  39  3:57  Evolution Chamber, Zergling x2  
  41  4:06  Zergling x6  
  42  4:11  Zergling x2  
  37  4:17  Zergling x4  
  37  4:22  Drone, Zergling x2  
  40  4:32  Zergling x4  
  40  4:33  Zergling x2  
  40  4:39  Zergling x2  
  40  4:40  Zergling x2  
  42  4:53  Zergling x4  
  44  5:04  Zergling x4  
  46  5:18  Drone  
  46  5:19  Drone  
  46  5:20  Drone x3  
  51  5:24  Zerg Ground Armor Level 1, Zerg Melee Weapons Level 1  
  51  5:26  Drone  
  52  5:38  Overlord  
  52  5:39  Overlord  
  41  5:52  Zergling x4  
  43  5:57  Zergling x2  
  43  5:58  Zergling x4  
  43  6:02  Zergling x8  
  50  6:05  Drone  
  51  6:19  Zergling x4  
  51  6:20  Zergling x6  
  56  6:30  Baneling Nest  
  56  6:31  Lair  
  55  6:38  Zergling x4  
  55  6:39  Zergling x2  
  40  7:05  Zergling x10  
  45  7:09  Zergling x2  
  46  7:16  Zergling x2  
  46  7:17  Zergling x10  
  52  7:29  Zergling x4  
  54  7:32  Zergling x2  
  55  7:40  Centrifical Hooks  
  54  7:47  Drone, Infestation Pit  
  54  7:50  Extractor  
  53  7:52  Extractor  
  53  7:57  Zergling x4  
  53  7:58  Zergling x2  
  55  8:00  Baneling  
  55  8:01  Baneling  
  55  8:07  Zergling x2  
  55  8:08  Zergling x2  
  55  8:11  Baneling x3  
  55  8:12  Baneling  
  57  8:14  Baneling  
  57  8:16  Drone  
  57  8:19  Drone  
  59  8:21  Drone  
  60  8:29  Drone x2  
  61  8:48  Zergling x12  
  57  8:58  Zergling x2  
  57  8:59  Zergling x6  
Show
View Real Time Build Order
Export as new Build Order

Amix Zerg - Winner!

Build Orders: Hatch First 

Get SALT Encoding   

  12  0:01  Drone  
  13  0:08  Drone  
  14  0:17  Overlord  
  14  0:25  Extractor  
  14  0:26  Drone  
  14  0:27  Extractor  
  13  0:30  Drone  
  16  0:36  Drone  
  17  1:02  Hatchery  
  17  1:03  Drone  
  17  1:04  Drone  
  18  1:06  Extractor  
  17  1:19  Spawning Pool  
  17  1:20  Drone  
  17  1:25  Drone  
  17  1:29  Drone  
  19  1:38  Drone  
  20  1:50  Drone  
  21  2:02  Drone  
  22  2:08  Metabolic Boost  
  22  2:14  Queen x2  
  22  2:15  Overlord  
  26  2:19  Drone  
  26  2:21  Drone  
  28  2:30  Drone, Evolution Chamber  
  28  2:34  Drone  
  28  2:36  Drone  
  30  2:42  Drone  
  31  2:47  Drone  
  32  2:54  Overlord  
  32  2:58  Zerg Melee Weapons Level 1  
  32  3:00  Zergling x2  
  33  3:09  Zergling x2  
  33  3:10  Zergling x2  
  35  3:16  Overlord  
  35  3:22  Overlord  
  35  3:23  Overlord  
  35  3:25  Zergling x10  
  40  3:30  Zergling x2  
  41  3:34  Zergling x2  
  42  3:42  Spine Crawler  
  42  3:45  Zergling x4  
  43  3:54  Zergling x2  
  44  3:56  Zergling x2  
  44  3:57  Zergling x6  
  44  4:02  Zergling x6  
  44  4:17  Zergling x6  
  44  4:18  Zergling x2  
  39  4:39  Zergling x6  
  42  4:51  Zergling x6  
  45  4:56  Drone x3  
  45  4:59  Queen  
  48  5:03  Hatchery, Queen  
  45  5:34  Zergling x14  
  45  5:35  Queen, Zergling x6  
  53  5:44  Zergling x8  
  56  5:50  Drone  
  57  6:05  Baneling Nest  
  57  6:06  Zerg Ground Armor Level 1, Extractor  
  57  6:08  Zergling x10  
  60  6:15  Zergling x10  
  65  6:24  Zergling x4  
  66  6:34  Zergling x6  
  53  7:02  Lair  
  53  7:11  Drone x8  
  53  7:12  Drone x6  
  67  7:19  Hatchery  
  67  7:21  Hatchery  
  65  7:28  Zergling x12  
  71  7:35  Zergling x6  
  74  7:45  Overlord x3  
  74  7:52  Extractor  
  74  7:53  Queen, Extractor  
  74  8:02  Queen  
  76  8:07  Zergling x16  
  76  8:08  Zergling x2  
  76  8:12  Baneling  
  85  8:13  Baneling x6  
  85  8:14  Baneling  
  85  8:15  Baneling  
  85  8:16  Baneling x2  
  85  8:17  Baneling  
  85  8:18  Baneling  
  85  8:19  Baneling  
  85  8:23  Baneling  
Show
View Real Time Build Order
Export as new Build Order

A.I. 2 (Elite) Zerg 

Build Orders: Pool First 

Get SALT Encoding   

  12  0:01  Drone  
  13  0:12  Overlord  
  13  0:17  Drone  
  14  0:30  Drone  
  15  0:38  Spawning Pool  
  15  0:40  Drone  
  15  0:45  Drone  
  15  0:49  Drone  
  17  0:52  Extractor  
  17  0:55  Drone  
  17  1:06  Drone  
  18  1:17  Drone  
  19  1:27  Queen, Roach Warren  
  19  1:29  Drone  
  21  1:38  Zergling x2  
  22  1:49  Overlord  
  22  1:59  Overlord  
  22  2:10  Roach  
  24  2:21  Roach  
  26  2:29  Hatchery  
  25  2:32  Drone  
  25  2:34  Roach  
  28  2:37  Roach  
  28  2:43  Roach  
  32  2:49  Roach  
  34  2:55  Overlord  
  34  3:02  Metabolic Boost  
  34  3:06  Zergling x2  
  34  3:10  Zergling x2  
  36  3:13  Zergling x2  
  36  3:16  Zergling x2  
  38  3:20  Zergling x2  
  38  3:31  Zergling x2  
  39  3:37  Drone x3, Extractor  
  41  3:49  Lair  
  41  4:08  Drone  
  40  4:11  Drone  
  40  4:15  Drone  
  40  4:18  Drone  
  40  4:22  Drone  
  42  4:25  Drone  
  42  4:28  Drone  
  42  4:31  Drone  
  42  4:36  Roach  
  35  4:40  Roach  
  35  4:44  Roach  
  39  4:49  Roach  
  39  4:50  Drone, Hydralisk Den  
  41  4:53  Drone  
  41  4:54  Drone  
  41  4:57  Drone  
  44  5:02  Overlord  
  44  5:04  Drone  
  45  5:07  Drone  
  45  5:12  Drone x2  
  45  5:13  Drone  
  49  5:15  Drone  
  49  5:19  Zergling x2  
  45  5:25  Drone  
  45  5:28  Hydralisk  
  31  5:36  Zergling x2  
  28  5:44  Roach  
  29  5:58  Zergling x2  
  30  6:05  Roach  
  30  6:13  Roach  
  30  6:18  Drone  
  31  6:22  Drone  
  32  6:25  Drone  
  32  6:30  Drone  
  34  6:37  Roach  
  31  6:53  Zergling x2  
  30  7:02  Zergling x2  
  31  7:10  Drone  
  31  7:13  Drone  
  33  7:18  Drone  
  33  7:22  Drone  
  34  7:27  Zergling x2  
  33  7:30  Zergling x2  
  34  7:38  Hydralisk  
  36  7:46  Hydralisk  
  38  7:53  Hydralisk  
  40  8:00  Hydralisk  
  40  8:04  Drone  
  42  8:06  Drone  
  42  8:10  Drone  
  44  8:13  Drone  
  44  8:16  Drone  
  46  8:20  Drone  
  46  8:23  Drone  
  46  8:26  Drone  
  49  8:29  Drone  
  49  8:32  Drone  
  51  8:34  Drone  
  51  8:37  Drone  
  47  8:42  Zergling x2  
  47  8:47  Zergling x2  
Show
View Real Time Build Order
Export as new Build Order

A.I. 3 (Elite) Terran 

Build Orders: MMM Bio 

Get SALT Encoding   

  12  0:01  SCV  
  13  0:13  SCV  
  14  0:19  Supply Depot  
  14  0:25  SCV  
  15  0:40  SCV  
  15  0:42  Barracks  
  16  0:46  Refinery  
  16  0:52  SCV  
  17  1:01  Barracks  
  17  1:04  SCV  
  18  1:17  SCV  
  19  1:29  Marine, Orbital Command  
  20  1:41  Barracks  
  20  1:47  Marine  
  20  1:48  Marine  
  22  1:57  Supply Depot  
  22  2:00  SCV  
  23  2:06  Barracks Tech Lab x2  
  23  2:18  SCV  
  24  2:24  Marine  
  24  2:25  Marine, Stimpack  
  24  2:26  Concussive Shells  
  24  2:28  Marine  
  27  2:33  Supply Depot  
  27  2:42  Marine x2  
  29  2:44  SCV  
  29  2:46  Marine  
  31  3:00  Marauder  
  31  3:01  Marauder  
  31  3:04  Marine  
  31  3:05  Supply Depot  
  36  3:18  SCV  
  36  3:19  Combat Shields  
  37  3:21  Marine  
  37  3:22  Marine  
  37  3:25  Marine  
  37  3:26  Supply Depot  
  39  3:30  SCV  
  40  3:39  Marine  
  40  3:40  Marauder  
  43  3:46  Refinery  
  43  3:57  Marauder  
  45  4:06  Marine, Marauder  
  45  4:08  SCV, Supply Depot  
  47  4:19  Marauder  
  47  4:20  SCV  
  47  4:23  Marine  
  46  4:27  Marine  
  40  4:40  Marauder  
  40  4:42  Command Center  
  40  4:43  Marine  
  43  4:47  Marine  
  44  5:01  Marine, Marauder, SCV  
  44  5:04  Marine  
  48  5:13  SCV  
  48  5:23  Marauder  
  48  5:27  Marine x2  
  52  5:31  Factory  
  52  5:44  Marine  
  52  5:45  Marine x2, Engineering Bay  
  52  6:02  Marauder  
  53  6:12  Terran Infantry Weapons Level 1  
  53  6:14  Command Center  
  53  6:15  Hellion  
  53  6:18  SCV  
  55  6:30  SCV  
  56  6:42  Marine  
  56  6:43  Marine x2  
  56  6:45  Supply Depot  
  50  6:57  Hellion  
  50  7:01  Marauder, Marine x2  
  55  7:19  Marine x2  
  57  7:23  Command Center  
  57  7:31  Hellion  
  57  7:52  Hellion  
  58  8:12  Marine  
  58  8:13  Marine x2  
  58  8:14  Hellion  
  63  8:24  Supply Depot  
  63  8:30  Marine x2  
  63  8:31  Marine  
  42  8:48  Marine x2  
  42  8:50  Marine  
Tags
 
Add a new tag
Caveats
  • Supply blocks, unpowered buildings, or Contaminate may cause inaccurate times.
  • Supply counts are checked every 10 seconds.